 Dungeon Crawl Stone Soup version 0.30-a0-50-gb2d611f6b1 (webtiles) character file.

Game seed: 6705030474356799743

959 scionoferis the Carver (level 8, -4/66 (67) HPs)
             Began as a Naga Warper on Sept 4, 2022.
             Slain by a vampire mosquito (5 damage)
             ... on level 5 of the Dungeon.
             The game lasted 00:19:40 (5091 turns).

scionoferis the Carver (Naga Warper)                Turns: 5091, Time: 00:19:42

HP:   -4/66 (67)    AC:  4    Str: 13 (14) XL:     8   Next: 14%
MP:   0/11          EV:  8    Int: 12 (13) God:
Gold: 82            SH:  7    Dex: 12 (13) Spells: 9/11 levels left

rFire   . . .      SeeInvis +    r - +0 scimitar
rCold   . . .      Faith    .    j - +0 kite shield
rNeg    . . .      Spirit   +    l - +0 leather armour
rPois   +          Reflect  .    (no helmet)
rElec   .          Harm     .    (no cloak)
rCorr   .          Rampage  .    (no gloves)
Will    ++...                    (no barding)
Stlth   +.........               n - amulet of guardian spirit
HPRegen 0.21/turn                (no ring)
MPRegen 0.12/turn                (no ring)

@: lightly drained, very slow
A: AC +2, large, see invisible, deformed body, poison resistance, slowness 2,
spit poison 1, naga tail 1, strong-willed 1
a: Spit Poison


You were on level 5 of the Dungeon.
You visited 1 branch of the dungeon, and saw 5 of its levels.
You also visited: Sewer.

You collected 179 gold pieces.
You spent 97 gold pieces at shops.

Inventory:

Hand Weapons
 a - a +1 short sword of venom
 b - a +0 sling
 r - a +0 scimitar (weapon)
Missiles
 v - 12 poisoned darts
Armour
 j - a +0 kite shield (worn)
 l - a +0 leather armour (worn)
Jewellery
 n - an amulet of guardian spirit (around neck)
Scrolls
 c - 3 scrolls of blinking
 d - 2 scrolls of butterflies {unknown}
 e - 2 scrolls of acquirement {unknown}
 f - a scroll of immolation
 g - a scroll of vulnerability
 t - a scroll of noise
 w - a scroll of enchant weapon {unknown}
 y - a scroll of fear
Potions
 k - a potion of ambrosia {unknown}
 m - a potion of cancellation
 o - a potion of heal wounds {unknown}
 p - a potion of haste {unknown}
 q - a potion of invisibility {unknown}
 s - a potion of magic
 u - a potion of mutation
 x - a potion of attraction {unknown}
 z - a potion of might {unknown}


   Skills:
 + Level 2.2 Fighting
 * Level 9.2 Long Blades
 - Level 0.8 Throwing
 - Level 0.7 Armour
 - Level 1.5 Dodging
 + Level 0.5 Shields
 - Level 2.0 Spellcasting
 - Level 3.0 Translocations


You had 9 spell levels left.
You knew the following spells:

 Your Spells              Type           Power      Damage    Failure   Level
a - Blink                 Tloc           16%        N/A       36%         2

Your spell library contained the following spells:

 Spells                   Type           Power      Damage    Failure   Level
 Gell's Gravitas          Tloc           8%         N/A       61%         3
 Lesser Beckoning         Tloc           8%         N/A       61%         3
 Teleport Other           Tloc           8%         N/A       61%         3
 Magic Dart               Conj           4%         1d3       65%         1
 Call Imp                 Summ           1%         N/A       80%         2
 Portal Projectile        Hex/Tloc       8%         N/A       82%         3
 Call Canine Familiar     Summ           1%         N/A       95%         3
 Mephitic Cloud           Conj/Pois/Air  1%         N/A       95%         3
 Leda's Liquefaction      Hex/Erth       0%         N/A       100%        4
 Manifold Assault         Tloc           8%         N/A       100%        5


Dungeon Overview and Level Annotations

Branches:
Dungeon (5/15)              Sewer (visited)
 Temple: D:4-7

Altars:

Shops:
D:1 *   D:3 *   D:4 *

Annotations:
D:3 1 runed translucent door, osoart's ghost, amateur DgAM
D:5 Eustachio


Innate Abilities, Weirdness & Mutations

Your serpentine skin is tough. (AC +2)
You have supernaturally acute eyesight. (SInv)
Armour fits poorly on your strangely shaped body.
Your system is resistant to poisons. (rPois)
You cover ground very slowly.
You can spit poison.
You have a snake-like lower body.
You are strong-willed. (Will+)


Message History

The vampire mosquito is heavily damaged.
The vampire mosquito barely misses you.
You block the vampire mosquito's attack.
You aren't carrying any items that you can evoke.
You barely miss the vampire mosquito.
The vampire mosquito is heavily damaged.
The vampire mosquito barely misses you.
It was a potion of cancellation.
You feel magically purged. The vampire mosquito bites you!
* * * LOW HITPOINT WARNING * * *
The vampire mosquito draws strength from your injuries!
The vampire mosquito bites you.
* * * LOW HITPOINT WARNING * * *
The vampire mosquito draws strength from your injuries!
It was a potion of magic.
Magic courses through your body. The vampire mosquito bites you.
* * * LOW HITPOINT WARNING * * *
The vampire mosquito draws strength from your injuries!
The vampire mosquito bites you.
* * * LOW HITPOINT WARNING * * *
The vampire mosquito draws strength from your injuries!
Unknown command.
Unknown command.
It was a potion of mutation.
You feel extremely strange.
You feel strong-willed.
The vampire mosquito bites you but does no damage.
The vampire mosquito bites you!
* * * LOW HITPOINT WARNING * * *
The vampire mosquito draws strength from your injuries!
Unknown command.
Okay, then.
Unknown command.
It was a potion of degeneration.
There was something very wrong with that liquid.
You feel weakened.
You feel dopey.
You feel clumsy. The vampire mosquito bites you.
* * * LOW HITPOINT WARNING * * *
The vampire mosquito draws strength from your injuries!
The vampire mosquito bites you.
You die...

########
#..##h.#
##..##y.###
#.##.@##!y#
#.##..##h=# ..
#.#########
##..
#.####..†.##
...#
##....####.#
#g.# #########
#.# # #..#
#....'..# #.#
#.###..##
#.88.#..####.#
#...@.g.. ..
#.88(###....##
#..r<...


You could see a vampire mosquito and a hound.

Vanquished Creatures
  A water moccasin (D:4)
  An ogre (D:3)
  A kobold brigand (D:4)
  2 bullfrogs (Sewer)
  2 necrophages (D:5)
  A jelly (D:3)
  An iguana (D:4)
  Natasha (thrice) (D:3)
  An orc wizard (D:3)
  4 gnolls (D:4)
  11 adders
  A river rat (D:4)
  An ufetubus (D:4)
  3 worms
  A dart slug (D:1)
  13 orcs
  5 bats
  13 endoplasms
  9 giant cockroaches (Sewer)
  5 hobgoblins
  8 jackals
  8 quokkas
  24 ball pythons
  8 frilled lizards
  5 goblins
  6 kobolds
  9 rats
147 creatures vanquished.

Notes
Turn   | Place    | Note
-------+----------+-------------------------------------------
     0 | D:1      | scionoferis the Naga Warper began the quest for the Orb.
     0 | D:1      | Reached XP level 1. HP: 19/19 MP: 3/3
   420 | D:1      | Reached XP level 2. HP: 26/26 MP: 5/5
   423 | D:1      | Learned a level 2 spell: Blink
   570 | D:1      | Found Avucin's General Store.
   589 | D:1      | Reached skill level 3 in Long Blades
  1016 | D:1      | Reached XP level 3. HP: 31/32 MP: 6/6
  1074 | D:2      | You fall into a shaft and drop 1 floor!
  1094 | D:3      | Found a runed translucent door.
  1094 | D:3      | Noticed an ogre
  1095 | D:3      | Noticed a bullfrog
  1456 | D:2      | Found a faded altar of an unknown god.
  1707 | D:3      | Found Xeille's Assorted Antiques.
  1723 | D:3      | Noticed Natasha
  1738 | D:3      | Killed Natasha
  1739 | D:3      | Reached skill level 4 in Long Blades
  1739 | D:3      | Reached XP level 4. HP: 24/39 MP: 1/7
  1930 | D:3      | Killed an ogre
  1931 | D:3      | Reached skill level 5 in Long Blades
  1931 | D:3      | Reached XP level 5. HP: 27/45 MP: 4/8
  2069 | D:3      | Noticed osoart's ghost (amateur DgAM)
  2266 | D:3      | Reached skill level 6 in Long Blades
  2371 | D:3      | Reached XP level 6. HP: 52/52 MP: 9/9
  2379 | D:3      | Noticed Natasha
  2388 | D:3      | Killed Natasha
  2838 | D:3      | Noticed Natasha
  2848 | D:3      | Killed Natasha
  2992 | D:4      | Reached skill level 7 in Long Blades
  3004 | D:4      | Found Baupsuch's Overcharged Wands.
  3151 | D:4      | Noticed a water moccasin
  3167 | D:4      | Killed a water moccasin
  3168 | D:4      | Reached XP level 7. HP: 44/60 MP: 6/10
  3305 | D:4      | Found a glowing drain.
  3317 | Sewer    | Entered a sewer
  3441 | Sewer    | Reached skill level 8 in Long Blades
  4638 | D:3      | Bought a white potion for 22 gold pieces
  4638 | D:3      | Bought a scroll labelled INON LUIGEOBO for 25 gold pieces
  4638 | D:3      | Bought a scroll labelled FIDGHITT FUIS for 25 gold pieces
  4638 | D:3      | Bought a scroll labelled ECA CYCKEYWIPP for 25 gold pieces
  4664 | D:5      | Entered Level 5 of the Dungeon
  4664 | D:5      | Noticed Eustachio
  4734 | D:5      | Reached skill level 9 in Long Blades
  4734 | D:5      | Reached XP level 8. HP: 56/67 MP: 7/11
  5090 | D:5      | Gained mutation: You are strong-willed. (Will+) [potion of
                  | mutation]
  5090 | D:5      | HP: 3/66 [vampire mosquito (3)]
  5091 | D:5      | HP: 1/66 [vampire mosquito (2)]
  5091 | D:5      | Slain by a vampire mosquito

Illustrated notes

Levels and vault maps discovered:
D:1:      psy_arrival_dodecagon, layout_loops_cross, serial_shops,
          nicolae_shop_crystal
D:2:      layout_rooms, dreamdust_ecumenical_altar_hidden_monk_grotto,
          minmay_misc_feat_pillars, dreamdust_princess_corridor
D:3:      layout_rooms, serial_shops,
          nicolae_shop_temple_entry_statues_fountains, ebering_ghost_sewer_d,
          minmay_misc_feat_four_crosses, hangedman_glass_teeth, minivault_25,
          uniq_natasha
D:4:      layout_basic, lightli_sewer_entry_pipes,
          nicolae_shop_overcharged_wands
D:5:      minmay_chambers_of_fours, layout_loops_ring,
          nicolae_overflow_crystal_walls, minmay_temple_entry_sparse_star,
          chequers_garden, uniq_eustachio

Skill      XL: |  1  2  3  4  5  6  7 |
---------------+----------------------+-----
Long Blades    | 3 4 5 6 7 9 |  9.2
Fighting       | |  2.2
Throwing       | |  0.8
Armour         | |  0.7
Dodging        | |  1.5
Shields        | |  0.5
Spellcasting   | |  2.0
Translocations | |  3.0

Action                   |  1- 3 |  4- 6 |  7- 9 || total
-------------------------+-------+-------+-------++-------
Melee: Short sword       |    74 |    97 |   170 ||   341
       Falchion          |     7 |       |     2 ||     9
       Punch             |     1 |       |       ||     1
       Scimitar          |       |       |    27 ||    27
 Fire: Sling             |    21 |    37 |    80 ||   138
Throw: Boomerang         |     5 |     2 |       ||     7
 Abil: Spit Poison       |    13 |    18 |    17 ||    48
  Use: Scroll            |       |       |     4 ||     4
       Potion            |       |       |     4 ||     4
 Stab: Sleeping          |       |       |     1 ||     1
Armor: Leather armour    |    12 |    17 |    34 ||    63
Dodge: Dodged            |    28 |    26 |    53 ||   107
Block: Kite shield       |     9 |    33 |    47 ||    89

Table legend: (Time is in decaauts)
 A = Elapsed time spent in this place.
 B = Non-inter-level travel time spent in this place.
 C = Inter-level travel time spent in this place.
 D = Time resting spent in this place.
 E = Time spent auto-exploring this place.
 F = Levels seen in this place.
 G = Mean time per level.
                   A        B        C        D        E       F      G
               +--------+--------+--------+--------+--------+-----+--------+
         Total |   6284 |   5939 |    345 |    734 |   3647 |   6 | 1047.3 |
       Dungeon |   5511 |   5166 |    345 |    584 |   3333 |   5 | 1102.2 |
         Sewer |    773 |    773 |      0 |    150 |    313 |   1 |  773.0 |
               +--------+--------+--------+--------+--------+-----+--------+

Top non-repeatable levels by time:
     D:4: 1605 daAuts
     D:3: 1553 daAuts
     D:1: 1273 daAuts
   Sewer: 773 daAuts
     D:2: 766 daAuts
     D:5: 312 daAuts
